 Dungeon Sprint DCSS version 0.31-a0-8-gd14b0f4ee2 (webtiles) character file.

Game seed: 3106633297771804894

297 Conn the Arsonist (level 6, -21/36 HPs)
             Began as an Octopode Fire Elementalist on May 7, 2023.
             Was an Initiate of Sif Muna.
             Demolished by a slime creature (22 damage)
             ... in the Dungeon (Sprint I: "Red Sonja").
             The game lasted 00:02:09 (280 turns).

Conn the Arsonist (Octopode Fire Elementalist)       Turns: 280, Time: 00:02:09

Health: -21/36     AC:  1    Str:  7    XL:     6   Next: 35%
Magic:  1/15       EV: 14    Int: 20    God:    Sif Muna [......]
Gold:   308        SH:  0    Dex: 12    Spells: 8/18 levels left

rFire   . . .        (no weapon)
rCold   . . .        (no shield)
rNeg    . . .        (helmet restricted)
rPois   .            (no amulet)
rElec   .            (no ring)
rCorr   .            (no ring)
SInv    .            (no ring)
Will    .....        (no ring)
Stlth   ++++         (no ring)
HPRegen 0.26/turn    (no ring)
MPRegen 0.14/turn    (no ring)
                     (no ring)

%: no teleportation
@: no status effects
A: almost no armour, amphibious, 8 rings, camouflage 1, gelatinous body 1,
(nimble swimmer 1), tentacles
a: Renounce Religion


You were in the Dungeon.
You worshipped Sif Muna.
Sif Muna was noncommittal.
You visited 1 branch You collected 308 gold pieces.

Inventory:

Wands
 e - a wand of polymorph (10)
Scrolls
 f - a scroll of blinking
Potions
 a - 3 potions of magic
 b - a potion of curing
 c - a potion of heal wounds
 d - a potion of haste
 g - a potion of ambrosia {unknown}


   Skills:
 + Level 4.0 Dodging
 + Level 5.1 Stealth
 * Level 6.9 Spellcasting
 * Level 5.3 Conjurations
 + Level 8.4 Fire Magic


You had 8 spell levels left.
You knew the following spells:

 Your Spells              Type           Power      Damage    Failure   Level
a - Foxfire               Conj/Fire      100%       2x1d9     1%          1
b - Scorch                Fire           80%        2d8       1%          2
c - Inner Flame           Hex/Fire       23%        N/A       4%          3
d - Flame Wave            Conj/Fire      34%        2d10      5%          4

Your spell library contained the following spells:

 Spells                   Type           Power      Damage    Failure   Level
 Volatile Blastmotes      Fire/Tloc      46%        2d13      4%          3


Dungeon Overview and Level Annotations

Branches:
Dungeon (1/1)

Altars:
Makhleb
Sif Muna
Vehumet
Wu Jian
Xom
Jiyva
Lugonu


Innate Abilities, Weirdness & Mutations

You cannot wear most types of armour.
You are amphibious.
You can wear up to eight rings at the same time.
Your skin changes colour to match your surroundings (Stealth+).
Your rubbery body absorbs attacks. (AC +1, EV +1)
((You are camouflaged when in or above water. (Stealth+)))
You have tentacles for arms and can constrict up to eight enemies at once.


Message History

Flames lash the slime creature.
The slime creature is burned terribly!
The slime creature is moderately wounded.
Casting: Scorch (safe; 1% risk of failure)
Confirm with . or Enter, or press ? or * to list all spells.
Flames lash the slime creature.
The slime creature is burned terribly!
The slime creature is moderately wounded.
The slime creature barely misses you.
Casting: Scorch (safe; 1% risk of failure)
Confirm with . or Enter, or press ? or * to list all spells.
You conjure some foxfire!
The slime creature hits you!!
Ouch! That really hurt!
Casting: Foxfire (safe; 1% risk of failure)
Confirm with . or Enter, or press ? or * to list all spells.
Flames lash the slime creature.
The slime creature is moderately wounded.
The foxfire hits the slime creature!
The slime creature is burned terribly!
The slime creature is heavily wounded.
The foxfire hits the slime creature.
The slime creature is burned terribly!
The slime creature is heavily wounded.
The slime creature misses you.
Casting: Scorch (safe; 1% risk of failure)
Confirm with . or Enter, or press ? or * to list all spells.
Flames lash the slime creature.
The slime creature is burned terribly!
The slime creature is severely wounded.
The slime creature hits you!
* * * LOW HITPOINT WARNING * * *
Unknown command.
Casting: Scorch (safe; 1% risk of failure)
Confirm with . or Enter, or press ? or * to list all spells.
The spell is quite dangerous to miscast (5% risk of failure)!
Continue anyway?
Casting: Flame Wave (quite dangerous; 5% risk of failure)
Press: ? - help, Dir - look around, f - activate A wave of flame ripples out!
The flame wave engulfs the slime creature!
The slime creature is burned terribly!
The slime creature is almost dead. (Press . to intensify the flame waves.)
The slime creature hits you!!
Ouch! That really hurt!
You die...

################ ##
#<§#..'..#.)'..#__#
#..'..#).'..#@J'..+
#..#####'#####'#__#
#..# #..#...#.# ##
#..# ####..##[#
#).# ##'#_.+ #⌠⌠#
+..._# #### #_.#'#
##+#.# ###


You could see a slime creature (combustible).

Vanquished Creatures
  Sigmund (D)
  An ogre (D)
  A jelly (D)
  Ijyb (D)
4 creatures vanquished.

Vanquished Creatures (others)
  15 foxfires (D)
15 creatures vanquished.

Grand Total: 19 creatures vanquished

Notes
Turn   | Place    | Note
-------+----------+-------------------------------------------
     0 | D        | Conn the Octopode Fire Elementalist began the quest for the
                  | Orb.
     0 | D        | Reached XP level 1. HP: 11/11 MP: 3/3
     3 | D        | Noticed Ijyb
    25 | D        | Killed Ijyb
    26 | D        | Reached skill level 4 in Fire Magic
    26 | D        | Reached XP level 2. HP: 10/17 MP: 1/6
    26 | D        | Reached XP level 3. HP: 13/21 MP: 1/7
    75 | D        | Learned a level 2 spell: Scorch
    79 | D        | Learned a level 3 spell: Inner Flame
    79 | D        | Noticed an ogre
    85 | D        | Killed an ogre
    86 | D        | Reached skill level 6 in Fire Magic
    86 | D        | Reached XP level 4. HP: 27/27 MP: 2/10
   155 | D        | Learned a level 4 spell: Flame Wave
   155 | D        | Noticed Sigmund
   158 | D        | Killed Sigmund
   159 | D        | Reached skill level 5 in Stealth
   159 | D        | Reached skill level 5 in Conjurations
   159 | D        | Reached skill level 8 in Fire Magic
   159 | D        | Reached XP level 5. HP: 31/31 MP: 7/14
   159 | D        | Reached XP level 6. HP: 36/36 MP: 7/15
   228 | D        | Found an ornate altar of the Wu Jian Council.
   228 | D        | Found a shimmering blue altar of Sif Muna.
   230 | D        | Found a radiant altar of Vehumet.
   234 | D        | Became a worshipper of Sif Muna the Loreminder
   272 | D        | Found a burning altar of Makhleb.
   272 | D        | Found a viscous altar of Jiyva.
   272 | D        | Found a shimmering altar of Xom.
   272 | D        | Found a corrupted altar of Lugonu.
   272 | D        | Noticed a slime creature
   279 | D        | HP: 1/36 [slime creature (16)]
   280 | D        | Demolished by a slime creature

Illustrated notes

Levels and vault maps discovered:
D:        dungeon_sprint_1 [red_sonja_temple_1, red_sonja_temple_small_1]

Skill      XL: |  1  2  3  4  5  6 |
---------------+-------------------+-----
Stealth        | 3 4 5 |  5.1
Spellcasting   | 3 4 6 |  6.9
Conjurations   | 2 3 5 |  5.3
Fire Magic     | 4 6 8 |  8.4
Dodging        | 3 4 |  4.0

Action                     |  1- 3 |  4- 6 || total
---------------------------+-------+-------++-------
  Melee: Unarmed           |    15 |       ||    15
         Tentacles         |     2 |       ||     2
         Constrict         |     1 |       ||     1
   Cast: Foxfire           |     6 |     2 ||     8
         Scorch            |     1 |     7 ||     8
         Inner Flame       |       |     1 ||     1
         Flame Wave        |       |     1 ||     1
    Use: Potion            |     1 |       ||     1
  Dodge: Dodged            |     7 |     2 ||     9

Table legend: (Time is in decaauts)
 A = Elapsed time spent in this place.
 B = Non-inter-level travel time spent in this place.
 C = Inter-level travel time spent in this place.
 D = Time resting spent in this place.
 E = Time spent auto-exploring this place.
 F = Levels seen in this place.
 G = Mean time per level.
                   A        B        C        D        E       F      G
               +--------+--------+--------+--------+--------+-----+--------+
         Total |    285 |    285 |      0 |    155 |      0 |   1 |  285.0 |
       Dungeon |    285 |    285 |      0 |    155 |      0 |   1 |  285.0 |
               +--------+--------+--------+--------+--------+-----+--------+

Top non-repeatable levels by time:
       D: 285 daAuts
